 Dungeon Sprint DCSS version 0.31-a0-667-g39726597b9 (webtiles) character file.

Game seed: 14791108510085176626

49 Revguard the Cudgeller (level 3, -2/40 HPs)
             Began as a Troll Berserker on Sept 4, 2023.
             Was a Believer of Trog.
             Slain by a +2 dire flail of holy wrath (20 damage)
             ... in the Dungeon (Sprint V: "Ziggurat Sprint").
             The game lasted 00:01:04 (126 turns).

Revguard the Cudgeller (Troll Berserker)             Turns: 126, Time: 00:01:06

Health: -2/40      AC: 20    Str: 39    XL:     3   Next: 51%
Magic:  2/2        EV:  5    Int:  3    God:    Trog [**....]
Gold:   0          SH:  0    Dex:  9    Spells: 2/2 levels left

rFire   + . .        A - +10 dark maul {heavy}
rCold   + . .        (shield currently unavailable)
rNeg    . . .        i - +5 gold dragon scales
rPois   +            (helmet restricted)
rElec   .            (no cloak)
rCorr   .            (gloves unavailable)
SInv    .            (boots unavailable)
Will    ++...        (no amulet) Stlth
                     y - +6 ring of strength
HPRegen 2.06/turn    z - +6 ring of strength
MPRegen 0.08/turn

%: no teleportation
@: strong-willed, regenerating
A: large, unfitting armour, claws 3, regeneration 1, shaggy fur 1, tough skin 1
a: Renounce Religion, Berserk, Trog's Hand


You were in the Dungeon.
You worshipped Trog.
Trog was pleased with you.
You visited 1 branch

Inventory:

Hand Weapons
 a - a +0 mace
 A - the +10 dark maul (weapon) {heavy}
   (You found it in the Dungeon)
Armour
 b - a +0 animal skin
 i - +5 gold dragon scales (worn)
Jewellery
 t - a ring of flight
 u - a +6 ring of dexterity
 v - a +6 ring of dexterity
 w - a +6 ring of intelligence
 x - a +6 ring of intelligence
 y - a +6 ring of strength (left claw)
 z - a +6 ring of strength (right claw)
Wands
 q - a wand of mindburst (7)
 r - a wand of iceblast (6)
 s - a wand of light (7)
Scrolls
 h - 4 scrolls of blinking
 n - 7 scrolls of fog
 o - 5 scrolls of identify
 p - 2 scrolls of fear
Potions
 c - 10 potions of curing
 d - 9 potions of heal wounds
 e - 6 potions of haste
 f - 7 potions of magic
 g - 3 potions of berserk rage
 j - 2 potions of invisibility
 k - 4 potions of resistance
 m - 5 potions of might


   Skills:
 * Level 4.5 Fighting
 * Level 5.0 Maces & Flails
 + Level 2.5 Armour
 + Level 3.7 Dodging
 + Level 2.2 Evocations


You had 2 spell levels left.
You didn't know any spells.
Your spell library was empty.

Dungeon Overview and Level Annotations

Branches:
Dungeon (1/1)

Altars:
Ashenzari
Cheibriados
Dithmenos
Elyvilon
Fedhas
Gozag
Hepliaklqana
Kikubaaqudgha
Makhleb
Nemelex Xobeh
Okawaru
Qazlal
Ru
Sif Muna
Trog
Uskayaw
Vehumet
Wu Jian
Xom
Yredelemnul
Zin
The Shining One
Jiyva
Lugonu

Annotations:
D 1 transporter


Innate Abilities, Weirdness & Mutations

You are too large for most types of armour.
You have claws for hands.
Your natural rate of healing is unusually fast.
You are covered in fur. (AC +1)
You have tough skin. (AC +1)


Message History

You can now call upon Trog for regeneration and willpower.
The giant cockroach zombie bites you but does no damage. x6
Your Maces & Flails skill increases to level 5!
You beat the giant cockroach zombie like a drum!!!!
You destroy the giant cockroach zombie!
Trog accepts your kill.
The giant cockroach zombie closely misses you.
The giant cockroach zombie bites you but does no damage. x3
You flatten the giant cockroach zombie like a pancake!!!!
You destroy the giant cockroach zombie!
Trog accepts your kill.
You see here the +4 ring mail "Namemel" {rElec rPois Regen+ Int-5 Slay+2}.
You see here a staff of conjuration.
There is a transporter here.
Welcome to arena 3.
You enter the transporter and appear at another place.
A water elemental, a +2 dire flail of holy wrath, a deep elf knight and a deep elf zephyrmancer come into view.
The deep elf knight shouts!
The deep elf zephyrmancer shouts!
The deep elf knight gestures at you while chanting.
The shard of ice hits you!! You partially resist.
Ouch! That really hurt!
Found four items.
Found a transporter.
Aiming: Iceblast
Press: ? - help, Shift-Dir - straight line, f - +2 dire flail of holy wrath
Aim: a +2 dire flail of holy wrath The mass of ice explodes!
The iceblast engulfs the +2 dire flail of holy wrath but does no damage.
The iceblast engulfs the water elemental!
The water elemental is moderately damaged.
The iceblast engulfs the deep elf zephyrmancer.
The deep elf zephyrmancer is lightly wounded.
You feel much better.
The +2 dire flail of holy wrath hits you!
Your skin crawls.
You feel strong-willed.
The +2 dire flail of holy wrath hits you!
The deep elf zephyrmancer hits you but does no damage.
The +2 dire flail of holy wrath hits you!!
Ouch! That really hurt!
You die...

▓▓▓▓▓▓▓▓▓▓▓▓▓▓▓▓▓▓▓
▓.8©8.▓.8©8.▓.8©8.▓
▓.)[=.▓.)|[.▓.....▓
▓..)..▓.....▓.).[.▓
▓.....▓.....▓.....▓
▓..e..▓.....▓.....▓
▓.E(e.▓.....▓..©..▓
▓..@..▓..©..▓▓▓▓▓▓▓
▓▓▓▓▓▓▓▓▓▓▓▓▓


You could see a deep elf knight, a water elemental, a deep elf zephyrmancer and
a +2 dire flail of holy wrath.

Vanquished Creatures
  An iguana (D)
  A mummy (D)
  A jackal (D)
  2 giant cockroach zombies (D)
5 creatures vanquished.

Notes
Turn   | Place    | Note
-------+----------+-------------------------------------------
     0 | D        | Revguard the Troll Berserker began the quest for the Orb.
     0 | D        | Reached XP level 1. HP: 22/22 MP: 0/0
     5 | D        | Found a shimmering blue altar of Sif Muna.
     5 | D        | Found a bloodstained altar of Trog.
     5 | D        | Found a sacrificial altar of Ru.
     5 | D        | Found a stormy altar of Qazlal.
     5 | D        | Found an iron altar of Okawaru.
     6 | D        | Found a sparkling altar of Nemelex Xobeh.
     6 | D        | Found a blossoming altar of Fedhas.
     6 | D        | Found the +6 Majin-Bo {spellvamp, MP+6 Int+6}
     6 | D        | Found the +27 heavy crossbow "Sniper" {heavy, Acc+∞ SInv}
     6 | D        | Found the +10 dark maul {heavy}
     6 | D        | Found the +15 Maxwell's patent armour {-Cast -Tele rElec
                  | Will+ rCorr}
     6 | D        | Found the +18 shield of the Gong {Loud rN+ Will+ rCorr
                  | EV-5}
     6 | D        | Found the +16 obsidian axe {drain, demonic, Mesm Drain Fly
                  | SInv}
     6 | D        | Found the +7 great mace "Firestarter" {flame, immolate,
                  | rFlCloud rF++}
     6 | D        | Found the +6 shillelagh "Devastator" {shatter}
     6 | D        | Found the +11 plutonium sword {Contam Stlth-}
     6 | D        | Found the +8 lance "Wyrmbane" {slay drac, rPois rF+ rC+
                  | AC+3}
     6 | D        | Found the +9 sword of Zonguldrok {reap}
     6 | D        | Found the +13 scythe of Curses {drain, curses, Drain}
     6 | D        | Found the +9 sword of Power {lifebolt}
     6 | D        | Found the +7 mace of Variability {chaos, chaos arc}
     6 | D        | Found the +11 Singing Sword {sonic wave}
     6 | D        | Found the +8 storm bow {elec, penet}
     8 | D        | Found a transporter.
     8 | D        | Found an ancient bone altar of Kikubaaqudgha.
     8 | D        | Found a viscous altar of Jiyva.
     8 | D        | Found a corrupted altar of Lugonu.
     8 | D        | Found a hazy altar of Hepliaklqana.
     8 | D        | Found a burning altar of Makhleb.
     8 | D        | Found an opulent altar of Gozag.
    39 | D        | Reached skill level 4 in Maces & Flails
    39 | D        | Reached skill level 1 in Evocations
    39 | D        | Reached XP level 2. HP: 32/32 MP: 1/1
   103 | D        | Entered arena 2.
   103 | D        | Found a transporter.
   107 | D        | Reached XP level 3. HP: 35/40 MP: 2/2
   112 | D        | Entered arena 3.
   112 | D        | Found a transporter.
   115 | D        | Reached ** piety under Trog
   116 | D        | Reached skill level 5 in Maces & Flails
   123 | D        | Entered arena 4.
   123 | D        | Noticed a water elemental
   123 | D        | Noticed a +2 dire flail of holy wrath
   123 | D        | Noticed a deep elf knight
   123 | D        | Noticed a deep elf zephyrmancer
   123 | D        | Found a transporter.
   126 | D        | Slain by a +2 dire flail of holy wrath

Illustrated notes

Levels and vault maps discovered:
D:        sprint_v [room_start, room_1, room_2, room_3, room_4, room_5, room_6,
          room_7, room_8, room_9, room_10, room_11, room_12, room_13, room_14,
          room_15, room_16, room_17, room_18, room_19, room_20, room_21,
          room_22, room_23, room_24, room_25, room_26, room_27]

Skill      XL: |  1  2  3 |
---------------+----------+-----
Fighting       | 4 |  4.5
Maces & Flails | 4 5 |  5.0
Armour         | 2 |  2.5
Dodging        | 3 |  3.7
Evocations     | 1 2 |  2.2

Action                     || total
---------------------------++-------
  Melee: Maul              ||     6
 Invoke: Trog's Hand       ||     1
  Evoke: Wand              ||     1
    Use: Potion            ||     2
 Armour: Gold dragon scale ||    19
  Dodge: Dodged            ||     4

Table legend: (Time is in decaauts)
 A = Elapsed time spent in this place.
 B = Non-inter-level travel time spent in this place.
 C = Inter-level travel time spent in this place.
 D = Time resting spent in this place.
 E = Time spent auto-exploring this place.
 F = Levels seen in this place.
 G = Mean time per level.
                   A        B        C        D        E       F      G
               +--------+--------+--------+--------+--------+-----+--------+
         Total |    138 |    138 |      0 |     59 |      0 |   1 |  138.0 |
       Dungeon |    138 |    138 |      0 |     59 |      0 |   1 |  138.0 |
               +--------+--------+--------+--------+--------+-----+--------+

Top non-repeatable levels by time:
       D: 138 daAuts
